 Dungeon Sprint DCSS version 0.28.0-53-g5a82cb258f (webtiles) character file.

Game seed: 2237828308161111230

1320 Zeld the Eclecticist (level 8, -2/36 HPs)
             Began as a Deep Elf Conjurer on June 5, 2022.
             Was a Priest of Sif Muna.
             Collided with an unnaturally hard rock wall (16 damage)
             ... caused by Erica
             ... in the Dungeon (Sprint III: "The Ten Rune Challenge").
             The game lasted 00:03:30 (1557 turns).

Zeld the Eclecticist (Deep Elf Conjurer)            Turns: 1557, Time: 00:03:35

Health: -2/36      AC:  2    Str:  4    XL:     8   Next: 33%
Magic:  24/30      EV: 15    Int: 26    God:    Sif Muna [***...]
Gold:   43         SH:  0    Dex: 13    Spells: 22/39 levels left

rFire   . . .      SeeInvis .   (no weapon)
rCold   . . .      Faith    .   (no shield)
rNeg    . . .      Spirit   .   a - +0 robe
rPois   .          Reflect  .   (no helmet)
rElec   .          Harm     .   (no cloak)
rCorr   .          Rampage  .   (no gloves)
Will    .....      NoTele   +   (no boots)
Stlth   ++........              (no amulet)
HPRegen 0.12/turn               (no ring)
MPRegen 0.22/turn               (no ring)

@: unable to read
A: frail 1, inability to read while threatened
a: Renounce Religion, Channel Magic, Forget Spell


You were in the Dungeon.
You worshipped Sif Muna.
Sif Muna was most pleased with you.
You visited 1 branch You collected 43 gold pieces.

Inventory:

Armour
 a - a +0 robe (worn)
Wands
 h - a wand of polymorph (19)
Scrolls
 g - a scroll of blinking
 k - a scroll of holy word {unknown}
 l - a scroll of magic mapping {unknown}
 n - a scroll of immolation {unknown}
 o - a scroll of identify {unknown}
Potions
 b - a potion of curing
 c - a potion of heal wounds
 d - a potion of haste
 e - a potion of magic
 f - a potion of berserk rage
 i - a potion of attraction {unknown}
 m - 3 potions of flight
Miscellaneous
 j - a phantom mirror


   Skills:
 - Level 8.0 Dodging
 - Level 2.4 Stealth
 * Level 16.3 Spellcasting
 + Level 10.6 Conjurations
 - Level 2.0 Hexes
 - Level 2.0 Translocations
 - Level 2.0 Transmutations
 - Level 2.0 Fire Magic
 - Level 2.0 Air Magic
 - Level 2.0 Poison Magic
 * Level 6.6 Invocations
 + Level 2.3 Evocations


You had 22 spell levels left.
You knew the following spells:

 Your Spells              Type           Power      Damage    Failure   Level
a - Magic Dart            Conj           100%       1d8       1%          1
b - Searing Ray           Conj           100%       2d8       1%          2
c - Fulminant Prism       Conj/Hex       26%        3d14      1%          4
d - Iskenderun's Mystic   Conj/Tloc      52%        2d11      1%          4
q - Mephitic Cloud        Conj/Pois/Air  46%        N/A       1%          3
w - Ignite Poison         Fire/Tmut/Pois 31%        N/A       3%          3

Your spell library contained the following spells:

 Spells                   Type           Power      Damage    Failure   Level
 Dazzling Flash           Conj/Hex       100%       N/A       1%          3
 Freezing Cloud           Conj/Ice/Air   21%        6-21      12%         5


Dungeon Overview and Level Annotations

Branches:
Dungeon (1/1)

Altars:
Cheibriados
Dithmenos
Elyvilon
Fedhas
Gozag
Hepliaklqana
Kikubaaqudgha
Makhleb
Nemelex Xobeh
Okawaru
Qazlal
Ru
Sif Muna
Trog
Uskayaw
Vehumet
Wu Jian
Xom
Yredelemnul
Zin
The Shining One
Beogh
Jiyva
Lugonu

Annotations:
D Erica


Innate Abilities, Weirdness & Mutations

You are frail. (-10% HP)
You sometimes lose the ability to read scrolls when taking damage.


Message History

Erica is moderately wounded.
Erica is knocked back by the mystic blast.
Erica slams into the unnaturally hard rock wall!
Erica is moderately wounded.
There is an open door here.
You start resting.
Magic restored.
You start waiting.
There is an open door here.
Casting: Iskenderun's Mystic Blast (dangerous; 1% risk of failure)
Confirm with . or Enter, or press ? or * to list all spells.
You can't see any susceptible monsters within range! (Use Z to cast anyway.)
You start waiting.
Erica is nearby!
Erica is nearby!
Casting: Iskenderun's Mystic Blast (dangerous; 1% risk of failure)
Confirm with . or Enter, or press ? or * to list all spells.
Aiming: Mephitic Cloud (safe; 1% risk of failure)
Press: ? - help, Shift-Dir - straight line, f - Erica
Aim: Erica, wielding a +2 scimitar of flaming and wearing a +0 robe (lightly wounded, wandering, hasn't noticed you, chance to affect: 58%)
The ball explodes into a vile cloud!
The stinking cloud engulfs Erica but does no damage.
Erica is lightly wounded.
Erica shouts!
Casting: Mephitic Cloud (safe; 1% risk of failure)
Confirm with . or Enter, or press ? or * to list all spells.
You ignite the poison in your surroundings!
Erica is engulfed in blazing flames.
Erica laughs wildly.
Erica casts a spell.
Erica flickers and vanishes!
Deactivating autopickup; reactivate with Ctrl-A.
You hear some strange, mumbled words.
A lance of force appears from out of thin air!
The lance of force hits you!!
Ouch! That really hurt!
You are knocked back by the lance of force.
You slam into the unnaturally hard rock wall!
You feel threatened and lose the ability to read scrolls!
You die...

.♣♣♣..###'#'###'##
.♣.♣♣.#..........#
≈♣.♣..'.⌠..).....#
≈≈≈...#...######'#
≈≈....#.⌠.#__#...#+#######
≈.....#...#__#...#.{≈≈≈'.#
......#'###__#...#.#≈≈≈#.#
......#.))#__#...'.#§.§#
......#___#__'..@#.#..§#
▓▓▓▓▓▓▓▓▓▓▓▓▓▓▓▓▓▓▓▓▓▓▓▓


There were no monsters in sight!

Vanquished Creatures
  A deep elf pyromancer (D)
  A shadow (D)
  A spatial vortex (D)
  A necrophage (D)
  A water elemental (D)
  A scorpion (D)
  A jelly (D)
  Jessica (D)
  A wizard (D)
  A necromancer (D)
  3 humans (D)
  A kobold demonologist (D)
  2 endoplasms (D)
  A rat (D)
17 creatures vanquished.

Vanquished Creatures (others)
  3 fulminant prisms (D)
3 creatures vanquished.

Grand Total: 20 creatures vanquished

Notes
Turn   | Place    | Note
-------+----------+-------------------------------------------
     0 | D        | Zeld the Deep Elf Conjurer began the quest for the Orb.
     0 | D        | Reached XP level 1. HP: 10/10 MP: 6/6
     9 | D        | Reached skill level 4 in Spellcasting
    62 | D        | Noticed Jessica
    66 | D        | Killed Jessica
    67 | D        | Reached skill level 6 in Spellcasting
    67 | D        | Reached skill level 5 in Conjurations
    67 | D        | Reached XP level 2. HP: 15/15 MP: 3/11
    67 | D        | Reached XP level 3. HP: 19/19 MP: 3/12
    70 | D        | Learned a level 2 spell: Searing Ray
   171 | D        | Reached skill level 7 in Spellcasting
   292 | D        | Noticed a scorpion
   298 | D        | Killed a scorpion
   299 | D        | Reached skill level 9 in Spellcasting
   299 | D        | Reached XP level 4. HP: 20/24 MP: 6/17
   304 | D        | Learned a level 4 spell: Fulminant Prism
   309 | D        | Learned a level 4 spell: Iskenderun's Mystic Blast
   328 | D        | Gained mutation: You are frail. (-10% HP) [potion of
                  | mutation]
   328 | D        | Gained mutation: You sometimes lose the ability to read
                  | scrolls when taking damage. [potion of mutation]
   328 | D        | Gained mutation: You have sharp fingernails. [potion of
                  | mutation]
   466 | D        | Lost mutation: You have sharp fingernails. [potion of
                  | mutation]
   466 | D        | Lost mutation: You sometimes lose the ability to read
                  | scrolls when taking damage. [potion of mutation]
   466 | D        | Gained mutation: You are partially covered in iridescent
                  | scales. (AC +2) [potion of mutation]
   466 | D        | Gained mutation: Potions are less effective at restoring
                  | your health. [potion of mutation]
   466 | D        | Gained mutation: Your muscles are strong. (Str +2) [potion
                  | of mutation]
   482 | D        | Lost mutation: You are frail. (-10% HP) [potion of
                  | mutation]
   482 | D        | Lost mutation: You are partially covered in iridescent
                  | scales. (AC +2) [potion of mutation]
   482 | D        | Lost mutation: Potions are less effective at restoring your
                  | health. [potion of mutation]
   482 | D        | Gained mutation: Your body sometimes deteriorates upon
                  | taking damage. [potion of mutation]
   513 | D        | Lost mutation: Your body sometimes deteriorates upon taking
                  | damage. [potion of mutation]
   513 | D        | Lost mutation: Your muscles are strong. (Str +2) [potion of
                  | mutation]
   513 | D        | Gained mutation: You are frail. (-10% HP) [potion of
                  | mutation]
   513 | D        | Gained mutation: You sometimes lose the ability to read
                  | scrolls when taking damage. [potion of mutation]
   586 | D        | Noticed a water elemental
   591 | D        | Killed a water elemental
   592 | D        | Reached skill level 5 in Dodging
   592 | D        | Reached skill level 10 in Spellcasting
   592 | D        | Reached XP level 5. HP: 25/25 MP: 7/19
   663 | D        | Found a radiant altar of Vehumet.
   663 | D        | Found a shimmering blue altar of Sif Muna.
   663 | D        | Found an ancient bone altar of Kikubaaqudgha.
   667 | D        | Became a worshipper of Sif Muna the Loreminder
   669 | D        | Reached skill level 11 in Spellcasting
   704 | D        | Learned a level 3 spell: Mephitic Cloud
   708 | D        | Learned a level 3 spell: Ignite Poison
   717 | D        | Found a hide-covered altar of Uskayaw.
   717 | D        | Found an iron altar of Okawaru.
   717 | D        | Found a bloodstained altar of Trog.
   717 | D        | Found an ornate altar of the Wu Jian Council.
   717 | D        | Noticed a human
   718 | D        | Noticed a human
   723 | D        | Killed a human
   723 | D        | Reached * piety under Sif Muna
   724 | D        | Reached skill level 12 in Spellcasting
   724 | D        | Reached XP level 6. HP: 27/28 MP: 6/23
   725 | D        | Killed a human
   726 | D        | Reached skill level 14 in Spellcasting
   888 | D        | Found a basalt altar of Yredelemnul.
   888 | D        | Found a shadowy altar of Dithmenos.
   888 | D        | Found a sacrificial altar of Ru.
   893 | D        | Reached ** piety under Sif Muna
   894 | D        | Reached skill level 1 in Transmutations
   894 | D        | Reached skill level 1 in Fire Magic
   894 | D        | Reached skill level 1 in Air Magic
   894 | D        | Reached skill level 1 in Poison Magic
   894 | D        | Reached XP level 7. HP: 28/32 MP: 17/26
   940 | D        | Found a glowing silver altar of Zin.
   940 | D        | Found a glowing golden altar of the Shining One.
   940 | D        | Found a white marble altar of Elyvilon.
   940 | D        | Noticed a deep elf pyromancer
   950 | D        | Killed a deep elf pyromancer
   951 | D        | Reached skill level 15 in Spellcasting
   951 | D        | Reached skill level 10 in Conjurations
   951 | D        | Reached skill level 5 in Invocations
   951 | D        | Reached XP level 8. HP: 23/36 MP: 1/29
  1161 | D        | Reached skill level 16 in Spellcasting
  1161 | D        | Reached skill level 1 in Evocations
  1270 | D        | Found a blossoming altar of Fedhas.
  1270 | D        | Found a stormy altar of Qazlal.
  1270 | D        | Found a snail-covered altar of Cheibriados.
  1270 | D        | Found a burning altar of Makhleb.
  1270 | D        | Found a shimmering altar of Xom.
  1271 | D        | Found a hazy altar of Hepliaklqana.
  1271 | D        | Found an opulent altar of Gozag.
  1271 | D        | Found a sparkling altar of Nemelex Xobeh.
  1271 | D        | Found a corrupted altar of Lugonu.
  1271 | D        | Found a viscous altar of Jiyva.
  1286 | D        | Reached *** piety under Sif Muna
  1501 | D        | Noticed Erica
  1557 | D        | Collided with an unnaturally hard rock wall

Illustrated notes

Levels and vault maps discovered:
D:        dungeon_sprint_mu [sprint_mu_entry_forest, sprint_mu_temple_rooms,
          sprint_mu_d1_horrors, sprint_mu_d2_genie, sprint_mu_d3_branching,
          sprint_mu_orc_legion, sprint_mu_elf_gauntlet, sprint_mu_hive_nellie,
          sprint_mu_lair_fedhas, sprint_mu_vaults_butterflies,
          sprint_mu_slime_circle, sprint_mu_shoals_archi,
          sprint_mu_snake_twists, sprint_mu_blade_basic, sprint_mu_crypt_lich,
          sprint_mu_tomb_spiral, sprint_mu_vestibule_basic,
          sprint_mu_gehenna_hellfire, sprint_mu_dis_giant,
          sprint_mu_tartarus_statrot, sprint_mu_cocytus_islands, sprint_mu_zot1]

Skill      XL: |  1  2  3  4  5  6  7  8 |
---------------+-------------------------+-----
Spellcasting   | 6 9 10 12 14 15 16 | 16.3
Conjurations   | 5 6 7 8 9 10 | 10.6
Hexes          | 2 |  2.0
Translocations | 2 |  2.0
Dodging        | 4 5 7 8 |  8.0
Transmutations | 1 2 |  2.0
Fire Magic     | 1 2 |  2.0
Air Magic      | 1 2 |  2.0
Poison Magic   | 1 2 |  2.0
Invocations    | 2 5 6 |  6.6
Evocations     | 2 |  2.3
Stealth        | |  2.4

Action                   |  1- 3 |  4- 6 |  7- 9 || total
-------------------------+-------+-------+-------++-------
 Cast: Magic Dart        |     9 |       |     3 ||    12
       Searing Ray       |     7 |     5 |     3 ||    15
       Iskenderun's Myst |       |     5 |    15 ||    20
       Mephitic Cloud    |       |     1 |     1 ||     2
       Ignite Poison     |       |     1 |     1 ||     2
       Fulminant Prism   |       |       |     3 ||     3
  Use: Potion            |     1 |     4 |       ||     5
Armor: Robe              |     1 |       |       ||     1
Dodge: Dodged            |    10 |     4 |     1 ||    15
